 Dungeon Crawl Stone Soup version 0.28.0 (webtiles) character file.

Game seed: 249336657358491592

2 trckry the Magician (level 1, 0/13 HPs)
             Began as a Demonspawn Wanderer on Feb 12, 2022.
             Slain by a hobgoblin (1 damage)
             ... on level 1 of the Dungeon.
             The game lasted 00:00:46 (285 turns).

trckry the Magician (Demonspawn Wanderer)            Turns: 285, Time: 00:00:46

Health: 0/13       AC:  3    Str: 10    XL:     1   Next: 33%
Magic:  4/4        EV: 11    Int: 13    God:
Gold:   0          SH:  0    Dex: 14    Spells: 6/6 levels left

rFire   . . .      SeeInvis .   a - +0 dagger
rCold   . . .      Faith    .   (no shield)
rNeg    . . .      Spirit   .   d - +0 leather armour
rPois   .          Reflect  .   (no helmet)
rElec   .          Harm     .   (no cloak)
rCorr   .          Rampage  .   (no gloves)
Will    .....                   (no boots)
Stlth   +.........              (no amulet)
HPRegen 0.04/turn               (no ring)
MPRegen 0.09/turn               (no ring)

@: no status effects
A: no striking features
a: no special abilities


You were on level 1 of the Dungeon.
You visited 1 branch of the dungeon, and saw 1 of its levels.

Inventory:

Hand Weapons
 a - a +0 dagger (weapon)
Missiles
 b - 2 throwing nets (quivered)
 e - 34 stones
Armour
 d - a +0 leather armour (worn)
Scrolls
 c - a scroll of vulnerability
Potions
 f - a potion of curing {unknown}


   Skills:
 + Level 0.1 Fighting
 + Level 1.8 Armour
 + Level 1.8 Dodging
 - Level 3.0 Spellcasting
 - Level 1.7 Air Magic
 + Level 1.1 Evocations


You had 6 spell levels left.
You didn't know any spells.
Your spell library contained the following spells:

 Spells                   Type           Power      Damage    Failure   Level
 Poisonous Vapours        Pois/Air       8%         N/A       32%         2
 Static Discharge         Conj/Air       4%         N/A       32%         2
 Dazzling Flash           Conj/Hex       2%         N/A       65%         3
 Silence                  Hex/Air        2%         N/A       99%         5
 Agony                    Necr           1%         N/A       100%        5


Dungeon Overview and Level Annotations

Branches:
Dungeon (1/15)

Altars:

Shops:
D:1 :(


Message History

You hit the hobgoblin but do no damage. The bat hits you.
The hobgoblin hits you.
You hit the hobgoblin but do no damage. The bat closely misses you.
The hobgoblin closely misses you.
You hit the hobgoblin.
The hobgoblin is moderately wounded.
The ball python hisses angrily.
The bat misses you. The hobgoblin closely misses you.
The bat barely misses you.
You barely miss the hobgoblin.
The hobgoblin is moderately wounded.
The bat hits you but does no damage.
The hobgoblin hits you but does no damage.
You barely miss the hobgoblin.
The hobgoblin is moderately wounded.
The bat hits you. The hobgoblin barely misses you.
You hit the hobgoblin but do no damage.
The hobgoblin is moderately wounded.
The bat barely misses you. The hobgoblin closely misses you.
The ball python barely misses you. The ball python grabs you.
The ball python constricts you.
You hit the hobgoblin.
The hobgoblin is heavily wounded.
The bat hits you. The hobgoblin completely misses you.
The ball python barely misses you. The ball python constricts you.
You barely miss the hobgoblin.
The hobgoblin is heavily wounded.
The bat hits you.
The ball python bites you but does no damage.
The ball python constricts you. The hobgoblin hits you.
* * * LOW HITPOINT WARNING * * *
You barely miss the hobgoblin.
The hobgoblin is heavily wounded.
The bat hits you but does no damage. The ball python misses you.
The ball python constricts you. The hobgoblin hits you.
* * * LOW HITPOINT WARNING * * *
You hit the ball python.
You kill the ball python!
The bat hits you but does no damage. The hobgoblin hits you.
You die...

. ..#.. ..# ...#+#
.... ..#.#
.....###.#.######
..........g......
....##.#.###### ..
#.#.# ....###g#.#
.∩.∩..b@#.######+###
........#...≈.......
#∩.∩....#..≈.≈......
##......#.≈...≈...
#......#≈.?∩..≈#
$......##.≈...≈.#
######.##..≈.≈..# #.
####.##...≈...# #.
#..........####


You could see a hobgoblin and a bat.

Vanquished Creatures
  A quokka (D:1)
  2 ball pythons (D:1)
  A bat (D:1)
4 creatures vanquished.

Notes
Turn   | Place    | Note
-------+----------+-------------------------------------------
     0 | D:1      | trckry the Demonspawn Wanderer began the quest for the Orb.
     0 | D:1      | trckry set off with the following items: a +0 dagger, 2
                  | throwing nets, a scroll of vulnerability, a +0 leather
                  | armour; and the following spells available to memorise:
                  | Poisonous Vapours, Static Discharge
     0 | D:1      | Reached XP level 1. HP: 13/13 MP: 4/4
   101 | D:1      | Found Wuecyxem's Antique Weapon Shoppe.
   269 | D:1      | Found Xuenab's Book Boutique.
   284 | D:1      | HP: 1/13 [hobgoblin (1)]
   285 | D:1      | Slain by a hobgoblin

Illustrated notes

Levels and vault maps discovered:
D:1:      dpeg_arrival_castle, layout_basic, serial_shops,
          nicolae_shop_competitors_out_of_business, nicolae_diamond_shop

Action                   || total
-------------------------++-------
Melee: Dagger            ||    39
Armor: Leather armour    ||    23
Dodge: Dodged            ||    37
